 Dungeon Crawl Stone Soup version 0.17.2-1-ge4368a0 (webtiles) character file.

102 jazmu the Chopper (level 4, -2/26 HPs)
             Began as a Gargoyle Skald on Oct 8, 2016.
             Slain by Natasha (4 damage)
             ... on level 3 of the Dungeon.
             The game lasted 00:06:57 (2526 turns).

jazmu the Chopper (Gargoyle Skald)                  Turns: 2526, Time: 00:06:58

Health: -2/26      AC:  9    Str: 17    XL:     4   Next: 78%
Magic:  7/7        EV: 10    Int: 12    God:
Gold:   106        SH:  0    Dex:  9    Spells: 1 memorised, 6 levels left

rFire  . . .     SeeInvis .     a - +0 hand axe
rCold  . . .     Clarity  .     u - +0 ring mail
rNeg   + . .     SustAt   .     (no shield)
rPois  ∞         Gourm    .     (no helmet)
rElec  +         Spirit   .     (no cloak)
rCorr  .         Warding  .     (no gloves)
rMut   .         Stasis   +     n - +0 pair of boots
MR     .....                    o - amulet of stasis {Stasis, !d}
Stlth  ..........               (no ring)
                                (no ring)

@: not resistant to hostile enchantments, extremely unstealthy
A: negative energy resistance 1, electricity resistance, unbreathing,
petrification resistance, rot immunity, AC +3
a: no special abilities


You were on level 3 of the Dungeon.
You were not hungry.

You visited 1 branch of the dungeon, and saw 4 of its levels.

You collected 106 gold pieces.

Inventory:

Hand Weapons
 a - a +0 hand axe (weapon)
 m - a +1 short sword of holy wrath
   (You took it off a kobold on level 2 of the Dungeon)
Armour
 n - a +0 pair of boots (worn)
   (You found it on level 2 of the Dungeon)
 u - a +0 ring mail (worn)
   (You found it on level 3 of the Dungeon)
Jewellery
 o - an amulet of stasis (around neck) {Stasis, !d}
   (You found it on level 2 of the Dungeon)
Wands
 t - a wand of frost (18)
   (You found it on level 3 of the Dungeon)
Scrolls
 b - a scroll of immolation {unknown}
 e - a scroll of identify
 f - a scroll of amnesia {unknown}
 h - 3 scrolls of remove curse
 j - a scroll of recharging {unknown}
 k - a scroll of noise {unknown}
 l - a scroll of teleportation {unknown}
 q - a scroll of fog
 s - a scroll of blinking {unknown}
Potions
 i - 3 potions of curing {unknown}
 p - a potion of heal wounds {unknown}
Books
 c - a book of Battle
Comestibles
 d - a bread ration {@e1}
 g - a beef jerky
 r - a meat ration {@e2}


   Skills:
 - Level 2.1 Fighting
 + Level 4.3 Axes
 - Level 1.1 Armour
 - Level 0.7 Dodging
 - Level 2.0 Spellcasting
 - Level 2.6 Charms


You had 6 spell levels left.
You knew the following spells:

 Your Spells              Type           Power        Failure   Level  Hunger
a - Infusion              Chrm           #.....       17%         1    ##.....


Dungeon Overview and Level Annotations

Branches:
Dungeon (4/15)
 Temple: D:4-7

Altars:

Annotations:
D:2 Crazy Yiuf, Terence
D:3 Natasha


Innate Abilities, Weirdness & Mutations

You are resistant to torment.
Your stone body is resilient (AC +3).
You are immune to poison.
You resist negative energy.
You are resistant to electric shocks.
You can survive without breathing.
You are immune to petrification.
You are immune to rotting.


Message History

You start removing your armour.
You continue taking off your +0 leather armour. x4
You finish taking off your +0 leather armour.
You start putting on your armour.
You continue putting on your ring mail.
You continue putting on your ring mail. x4
You finish putting on your +0 ring mail.
Drop what? 21/52 slots (_ for help) (? for menu, Esc to quit)
You drop a +0 leather armour.
A hobgoblin comes into view. It is wielding a club.
The hobgoblin shouts!
Found a stone staircase leading up.
The hobgoblin hits you but does no damage.
You hit the hobgoblin.
You kill the hobgoblin!
You see here a club.
Found a stone staircase leading up.
There is a stone staircase leading up here.
All of the chunks of flesh in your inventory have rotted away.
You found a teleport trap!
You enter a teleport trap!
The teleport trap disappears.
b - a scroll labeled CIRPHI QULAE Unknown command.
Unknown command.
Unknown command.
You now have 103 gold pieces (gained 3).
p - a brown potion You now have 106 gold pieces (gained 3).
Natasha, Servant of Life and Death comes into view.
Natasha hisses angrily.
Unknown command.
Unknown command.
An orc comes into view. It is wielding a short sword.
The orc shouts!
A bat comes into view.
You hit the bat. The bat barely misses you.
The bat hits you but does no damage. Natasha claws you.
You take 3 damage, and have 23/26 hp.
Unknown command.
Unknown command.
Read which item? (? for menu, Esc to quit)
As you read the scroll labeled GEBRUC HAKLIOK, it crumbles to dust.
It is a scroll of identify.
Identify which item? (\ to view known items) (? for menu, Esc to quit)
q - a scroll of fog The bat closely misses you.
Natasha misses you.
You miss Natasha. The bat closely misses you. Natasha casts a spell at you.
The magic dart hits you!
You take 3 damage, and have 21/26 hp.
Your ring mail prevents you from hitting Natasha.
The bat hits you but does no damage. Natasha barely misses you.
Natasha claws you but does no damage.
You barely miss Natasha. The bat hits you. Natasha barely misses you.
You take 1 damage, and have 20/26 hp.
You hit Natasha. You hit the bat.
You kill the bat!
Natasha mumbles some strange words.
Natasha glows brightly for a moment.
Natasha claws you.
You take 1 damage, and have 19/26 hp.
You hit Natasha but do no damage. You closely miss the orc.
The orc barely misses you. Natasha claws you but does no damage.
You closely miss Natasha. You hit the orc. The orc misses you.
Natasha claws you.
You take 1 damage, and have 18/26 hp.
You hit Natasha. You hit the orc. The orc barely misses you.
Natasha mumbles some strange words.
Natasha's fingertips start to glow.
Natasha closely misses you.
You hit Natasha. You hit the orc.
You kill the orc!
Natasha barely misses you.
You hit Natasha but do no damage.
Natasha mumbles some strange words.
You barely miss Natasha. You hit the crimson imp. Natasha casts a spell at you.
The magic dart hits you!
The crimson imp hits you but does no damage.
You hit Natasha.
You hit the crimson imp but do no damage.
Natasha casts a spell at you. The magic dart hits you!
The crimson imp barely misses you.
You take 5 damage, and have 13/26 hp.
You barely miss Natasha. You miss the crimson imp. Natasha closely misses you.
The crimson imp hits you.
Natasha casts a spell.
You take 2 damage, and have 11/26 hp.
You barely miss Natasha. You hit the crimson imp.
You hit the white imp but do no damage. The crimson imp hits you.
Natasha claws you.
* * * LOW HITPOINT WARNING * * *
The white imp hits you but does no damage.
You take 8 damage, and have 3/26 hp.
MASSIVE DAMAGE!!
You closely miss Natasha. You hit the white imp but do no damage.
You hit the crimson imp. The crimson imp hits you.
* * * LOW HITPOINT WARNING * * *
Natasha claws you.
You die...

. #. #.. ###
.... ..# ..#
....o###.# ..#
#........# ..#
#)5# ..# #@.#
..# ..####h5#
.h# #..
.........##..#
#.#..
...####......#
#.#.#
#............#
#.#.#
#####......##
#.#.# #.###.##
#.#.# #.# #.#
##.#.# #.# #.#


You could see Natasha, a crimson imp and a white imp.

Vanquished Creatures
  An orc wizard (D:3)
  A worker ant (D:3)
  3 orcs
  A giant cockroach (D:1)
  9 goblins
  5 hobgoblins
  8 kobolds
  A quokka (D:1)
  5 bats
  4 giant geckos
  3 giant newts
  2 jackals (D:1)
  5 rats
48 creatures vanquished.

Notes
Turn   | Place    | Note
--------------------------------------------------------------
     0 | D:1      | jazmu the Gargoyle Skald began the quest for the Orb.
     0 | D:1      | Reached XP level 1. HP: 12/12 MP: 3/3
    30 | D:1      | Reached skill level 2 in Axes
   100 | D:1      | Reached XP level 2. HP: 17/17 MP: 5/5
   501 | D:1      | Reached skill level 3 in Axes
   521 | D:1      | Reached XP level 3. HP: 16/21 MP: 6/6
   836 | D:2      | Noticed Crazy Yiuf
  1214 | D:2      | Noticed Terence
  1681 | D:3      | Reached XP level 4. HP: 16/26 MP: 7/7
  1955 | D:3      | Reached skill level 4 in Axes
  2504 | D:3      | Noticed Natasha
  2525 | D:3      | HP: 3/26 [Natasha (6)]
  2526 | D:3      | Slain by Natasha

Action                   |  1- 3 |  4- 6 || total
-------------------------+-------+-------++-------
Melee: Hand axe          |   154 |    56 ||   210
  Use: Scroll            |       |     2 ||     2
  Eat: Chunk             |     3 |     2 ||     5

Vault maps used:
D:1:      dpeg_arrival_pits
D:2:      kennysheep_big_flooded_room, uniq_iyjb, uniq_crazy_yiuf_cottage,
          uniq_terence
D:3:      uniq_natasha
D:4:      kennysheep_little_box, first_bread, uniq_pikel

Table legend:
 A = Turns spent in this place as a percentage of turns spent in the entire game.
 B = Non-inter-level travel turns spent in this place as a percentage of non-inter-level travel turns spent in the entire game.
 C = Inter-level travel turns spent in this place as a percentage of turns spent in this place.
 D = Turns resting spent in this place as a percentage of non-inter-level travel turns spent in this place.
 E = Turns spent auto-exploring this place as a percentage of non-inter-level travel turns spent in this place.
 F = Non-inter-level travel turns spent in this place divided by the number of levels of this place that you've seen.
                   A       B       C       D       E      F
               +-------+-------+-------+-------+-------+----------------------
         Total | 100.0 | 100.0 |   0.5 |   2.1 |   6.7 | 194.5
       Dungeon | 100.0 | 100.0 |   0.5 |   2.1 |   6.7 | 194.5
               +-------+-------+-------+-------+-------+----------------------

Table legend:
 A = Kills in this place as a percentage of kills in entire the game.
 B = Kills by you in this place as a percentage of kills by you in the entire game.
 C = Kills by friends in this place as a percentage of kills by friends in the entire game.
 D = Other kills in this place as a percentage of other kills in the entire game.
 E = Experience gained in this place as a percentage of experience gained in the entire game.
 F = Experience gained in this place divided by the number of levels of this place that you have seen.
                   A       B       C       D       E      F
               +-------+-------+-------+-------+-------+----------------------
         Total | 100.0 | 100.0 |  -nan |  -nan | 100.0 |  36.8
       Dungeon | 100.0 | 100.0 |  -nan |  -nan | 100.0 |  36.8
               +-------+-------+-------+-------+-------+----------------------
